 Dungeon Crawl Stone Soup version 0.32-a0-411-g744942f433 (webtiles) character file.

Game seed: 4271428488976623829

941 Sobieck the Cutter (level 8, -1/61 HPs)
             Began as a Coglin Brigand on Feb 20, 2024.
             Splashed by a jelly's acid (4 damage)
             ... on level 5 of the Dungeon.
             The game lasted 00:06:54 (4321 turns).

Sobieck the Cutter (Coglin Brigand)                 Turns: 4321, Time: 00:06:54

Health: -1/61      AC: -7    Str: 11    XL:     8   Next: 12%
Magic:  8/8        EV: 14    Int: 11    God:
Gold:   164        SH:  0    Dex: 18    Spells: 7/7 levels left

rFire   . . .        o - +3 falchion {Agam}
rCold   . . .        q - +1 rapier {Dietrich}
rNeg    . . .        b - +0 robe
rPois   .            e - +0 helmet
rElec   .            c - +0 cloak
rCorr   .            (no gloves)
SInv    .            g - +0 pair of boots
Will    .....        (no amulet)
Stlth   +++          (no ring)
HPRegen 0.30/turn    (no ring)
MPRegen 0.11/turn

%: no passive effects
@: corroded, immotile, revved
A: off-hand wielding, slow wielding, warmup strikes, legs shutdown
a: no special abilities


You were on level 5 of the Dungeon.
You visited 1 branch of the dungeon, and saw 5 of its levels.

You collected 300 gold pieces.
You spent 136 gold pieces at shops.

Inventory:

Hand Weapons
 a - a +2 dagger {ApolĂ´nia}
 d - a +0 dagger {Vusi}
 o - a +3 falchion (weapon) {Agam}
 q - a +1 rapier (offhand) {Dietrich}
Missiles
 j - 42 stones (quivered)
 k - 16 poisoned darts
 t - 4 boomerangs
 F - 3 curare-tipped darts
Armour
 b - a +0 robe (worn)
 c - a +0 cloak (worn)
 e - a +0 helmet (worn)
 g - a +0 pair of boots (worn)
Wands
 E - a wand of charming (6)
Scrolls
 h - 3 scrolls of revelation
 l - a scroll of enchant armour {unknown}
 m - a scroll of noise
 R - a scroll of identify
 T - a scroll of teleportation
Potions
 f - a potion of enlightenment
 i - a potion of brilliance
 n - a potion of mutation {unknown}
 p - a potion of ambrosia {unknown}
 Q - 2 potions of curing


   Skills:
 + Level 4.8 Fighting
 * Level 6.1 Short Blades
 - Level 1.7 Throwing
 + Level 4.0 Dodging
 - Level 3.2 Stealth


You had 7 spell levels left.
You didn't know any spells.
Your spell library was empty.

Dungeon Overview and Level Annotations

Branches:
Dungeon (5/15)
 Temple: D:4-7

Altars:

Shops:
D:3 *

Annotations:
D:4 Pikel
D:5 exclusion: door


Innate Abilities, Weirdness & Mutations

You can wield a second weapon in your off-hand.
It takes a long time for you to wield or remove held weapons.
Your first few attacks do less damage.
Attacking and casting redirects power from your legs.


Message History

You cannot move.
Unknown command.
You are no longer unable to travel.
Unknown command.
Unknown command.
Unknown command.
You barely miss the jelly with your +1 rapier.
You slash the jelly with your +3 falchion!
Your graspers burn!
The jelly hits you but does no damage.
You hit the jelly with your +1 rapier.
Your graspers burn!
The jelly is moderately wounded.
You hit the jelly with your +3 falchion.
Your graspers burn!
The jelly closely misses you.
You hit the jelly with your +1 rapier.
Your graspers burn!
The jelly is heavily wounded.
You hit the jelly with your +3 falchion.
The acid corrodes you!
Your graspers burn!
The jelly hits you.
* * * LOW HITPOINT WARNING * * *
The acid corrodes you!
You are splashed with acid!
* * * LOW HITPOINT WARNING * * *
You hit the jelly with your +3 falchion.
Your graspers burn!
* * * LOW HITPOINT WARNING * * *
The jelly is severely wounded.
You completely miss the jelly with your +1 rapier.
The jelly hits you.
* * * LOW HITPOINT WARNING * * *
The acid corrodes you!
You are splashed with acid!
* * * LOW HITPOINT WARNING * * *
Unknown command.
You hit the jelly but do no damage.
Your graspers burn!
* * * LOW HITPOINT WARNING * * *
The jelly is severely wounded.
You puncture the jelly with your +1 rapier!
Your graspers burn!
* * * LOW HITPOINT WARNING * * *
The jelly barely misses you.
Unknown command.
You hit the jelly but do no damage.
Your graspers burn!
* * * LOW HITPOINT WARNING * * *
The jelly is almost dead.
You hit the jelly but do no damage.
Your graspers burn!
* * * LOW HITPOINT WARNING * * *
The jelly hits you.
* * * LOW HITPOINT WARNING * * *
You are splashed with acid!
* * * LOW HITPOINT WARNING * * *
Unknown command.
You hit the jelly but do no damage.
Your graspers burn!
You die...

# ..####.. ..# #.
#.##..##..## #.####.
#.#........## #.#.##.
.###...........####..#.#.
....................###..
.....#........#.###..#.#.
#....#........#.###)#....
#........$.>.....)..#####
#.......@.......#####
#....#..J.....#..# #...
##..##..###.# # ..
......### .# ## .......#
.. ##. #.......# ... #..
#........ .... +..
........## #.. .###.#####
#.


You could see a jelly.

Vanquished Creatures
  Sigmund (D:4)
  Menkaure (D:4)
  An ogre (D:5)
  A centaur (D:5)
  3 lemures (D:4)
  A bullfrog (D:5)
  A scorpion (D:4)
  2 howler monkeys
  2 hounds
  A jelly (D:5)
  4 gnolls (D:4)
  4 adders
  6 dart slugs
  3 orcs
  6 endoplasms
  4 giant cockroaches
  5 goblins
  5 hobgoblins
  8 jackals
  3 kobolds (D:2)
  5 quokkas
  5 ball pythons
  3 bats
  5 frilled lizards
  4 rats
84 creatures vanquished.

Notes
Turn   | Place    | Note
-------+----------+-------------------------------------------
     0 | D:1      | Sobieck the Coglin Brigand began the quest for the Orb.
     0 | D:1      | Reached XP level 1. HP: 16/16 MP: 1/1
    43 | D:1      | Reached skill level 1 in Dodging
    60 | D:1      | Reached skill level 2 in Short Blades
    92 | D:1      | Reached XP level 2. HP: 22/22 MP: 2/2
   405 | D:1      | Reached XP level 3. HP: 28/28 MP: 3/3
  1130 | D:2      | Reached XP level 4. HP: 34/34 MP: 4/4
  1156 | D:2      | Reached skill level 3 in Short Blades
  1578 | D:3      | Found Qic Luon's General Store.
  1596 | D:3      | Bought a scroll of revelation for 97 gold pieces
  1596 | D:3      | Bought a potion of curing for 39 gold pieces
  2070 | D:3      | Reached skill level 3 in Fighting
  2111 | D:3      | Reached XP level 5. HP: 41/41 MP: 5/5
  2138 | D:3      | Found a faded altar of an unknown god.
  2496 | D:4      | Noticed Menkaure
  2500 | D:4      | Killed Menkaure
  2501 | D:4      | Reached skill level 4 in Short Blades
  2501 | D:4      | Reached XP level 6. HP: 21/47 MP: 6/6
  2873 | D:4      | Noticed Sigmund
  2880 | D:4      | Killed Sigmund
  2881 | D:4      | Reached skill level 5 in Short Blades
  2881 | D:4      | Reached skill level 3 in Dodging
  2881 | D:4      | Reached XP level 7. HP: 54/54 MP: 7/7
  3269 | D:4      | Noticed Pikel
  3732 | D:5      | Entered Level 5 of the Dungeon
  3851 | D:5      | Noticed a yak
  4207 | D:5      | Reached XP level 8. HP: 39/61 MP: 8/8
  4313 | D:5      | Reached skill level 6 in Short Blades
  4320 | D:5      | HP: 3/61 [acid (9)]
  4321 | D:5      | Splashed by a jelly's acid

Illustrated notes

Levels and vault maps discovered:
D:1:      elethiomel_arrival_infinity_welcomes_careful_drivers,
          layout_loops_ring
D:2:      layout_basic
D:3:      layout_loops_corners, serial_rivers, chequers_serial_rivers_marsh,
          chequers_serial_rivers_small_3, chequers_serial_rivers_micro_b,
          chequers_serial_rivers_large_a, chequers_serial_rivers_small_a,
          chequers_serial_rivers_room_b, serial_shops, shop,
          shapermc_ecumenical_altar_gd, hangedman_abyss_or_decor_stabs,
          st_stairs_8
D:4:      layout_basic, kennysheep_generic_room_11, uniq_pikel, uniq_menkaure,
          uniq_sigmund
D:5:      minmay_clustersquares, layout_loops_corners,
          nicolae_dithmenos_through_a_glass_darkly, minmay_temple_entry_hall,
          st_stairs_5

Skill      XL: |  1  2  3  4  5  6  7  8 |
---------------+-------------------------+-----
Dodging        | 1 2 3 4 |  4.0
Short Blades   | 2 3 4 5 6 |  6.1
Fighting       | 3 4 |  4.8
Throwing       | |  1.7
Stealth        | |  3.2

Action                     |  1- 3 |  4- 6 |  7- 9 || total
---------------------------+-------+-------+-------++-------
  Melee: Dagger            |    99 |    49 |    28 ||   176
         Rapier            |       |    45 |    93 ||   138
         Falchion          |       |       |    66 ||    66
         Unarmed           |       |       |     1 ||     1
  Throw: Stone             |       |     1 |     6 ||     7
    Use: Scroll            |       |     8 |     1 ||     9
         Potion            |       |       |     4 ||     4
   Stab: Sleeping          |     7 |    14 |     1 ||    22
         Distracted        |       |     1 |       ||     1
 Armour: Robe              |    14 |    19 |    65 ||    98
         Skin              |       |       |     1 ||     1
  Dodge: Dodged            |    27 |    22 |    55 ||   104

Table legend: (Time is in decaauts)
 A = Elapsed time spent in this place.
 B = Non-inter-level travel time spent in this place.
 C = Inter-level travel time spent in this place.
 D = Time resting spent in this place.
 E = Time spent auto-exploring this place.
 F = Levels seen in this place.
 G = Mean time per level.
                   A        B        C        D        E       F      G
               +--------+--------+--------+--------+--------+-----+--------+
         Total |   4307 |   4198 |    109 |    507 |   2966 |   5 |  861.4 |
       Dungeon |   4307 |   4198 |    109 |    507 |   2966 |   5 |  861.4 |
               +--------+--------+--------+--------+--------+-----+--------+

Top non-repeatable levels by time:
     D:3: 1121 daAuts
     D:4: 1076 daAuts
     D:1: 822 daAuts
     D:2: 699 daAuts
     D:5: 588 daAuts
